Map: Lerilak Crest

Players

Fenner - Winner!

  • Race: Zerg Zerg
  • League: Master

Uply

  • Race: Zerg Zerg
  • League: Diamond

VOD

Have the link to the VOD?

Description

Time

  • Played on: Nov. 23, 2015, 7:57 p.m.
  • Length: 2:55
Show
View Real Time Build Order
Export as new Build Order

Fenner Zerg - Winner!

Build Orders: Pool Only 

Get SALT Encoding   

  12  0:17  Spawning Pool  
  11  0:21  Drone  
  11  0:27  Drone  
  13  0:31  Drone  
  14  0:38  Extractor  
  13  0:44  Overlord  
  13  1:04  Zergling x2  
  13  1:05  Zergling x2  
  13  1:06  Zergling x2  
  13  1:11  Queen  
  18  1:17  Zergling x2  
  19  1:29  Baneling Nest  
  18  1:35  Zergling x2  
  19  1:46  Zergling x2  
  20  1:52  Overlord  
  20  2:02  Zergling x2  
  21  2:13  Baneling x2  
  21  2:15  Zergling x2  
  22  2:22  Zergling x6  
Show
View Real Time Build Order
Export as new Build Order

Uply Zerg 

Build Orders: Hatch First 

Get SALT Encoding   

  12  0:09  Overlord  
  12  0:13  Drone  
  13  0:21  Drone  
  14  0:28  Drone  
  14  0:32  Drone  
  16  0:53  Hatchery  
  16  0:54  Drone  
  16  1:02  Extractor  
  15  1:10  Spawning Pool  
  14  1:14  Drone  
  14  1:17  Drone  
  16  1:22  Drone  
  17  1:30  Drone  
  18  1:36  Overlord  
  18  1:57  Queen  
  20  2:14  Zergling x2  
  20  2:15  Zergling x6  
  24  2:22  Spine Crawler  
  23  2:27  Baneling Nest  
Tags
 
Add a new tag
Caveats
  • Supply blocks, unpowered buildings, or Contaminate may cause inaccurate times.
  • Supply counts are checked every 10 seconds.